 Dungeon Crawl Stone Soup version 0.26-a0-1132-ge9770dfcb6 (webtiles) character file.

Game seed: 14677723570997298058

876511 mhtbhm the Invulnerable (level 27, -2/273 HPs)
             Began as a Minotaur Fighter on Dec 17, 2020.
             Was the Champion of Okawaru.
             Killed from afar by a deep elf sorcerer (49 damage)
             ... with a bolt of acid
             ... on level 3 of the Elven Halls on Dec 19, 2020.
             The game lasted 03:54:04 (88333 turns).

mhtbhm the Invulnerable (Minotaur Fighter)         Turns: 88333, Time: 03:54:05

Health: -2/273     AC: 40    Str: 34    XL:     27
Magic:  33/33      EV: 19    Int:  5    God:    Okawaru [******]
Gold:   7213       SH: 30    Dex: 15    Spells: 26/26 levels left

rFire    + . .     SeeInvis +   a - +8 mithril axe "Arga" {speed, Will+}
rCold    + + +     Faith    +   c - +1 tower shield {reflect}
rNeg     + + .     Spirit   .   b - +5 gold dragon scales
rPois    +         Reflect  +   F - +0 hat {SInv}
rElec    +         Harm     .   Z - +0 cloak "Oroenkyh" {-Cast *Drain rElec rC+++}
rCorr    .         Rampage  .   O - +1 pair of gloves {Dex+3}
Will     +++..     NoCast   +   E - +1 pair of boots {run}
Stlth    ..........             X - amulet of faith
HPRegen  0.55/turn              B - ring of positive energy
MPRegen  0.23/turn              W - ring of the Ban {rElec rN+ Str+6}

@: lethally poisoned (-2 -> -3), about to teleport, quick
A: retaliatory headbutt, horns 2, weak 2
}: 7/15 runes: barnacled, silver, iron, obsidian, icy, abyssal, gossamer
a: Renounce Religion, Heroism, Finesse


You were on level 3 of the Elven Halls.
You worshipped Okawaru.
Okawaru was exalted by your worship.
You visited 13 branches of the dungeon, and saw 69 of its levels.
You visited the Abyss 2 times.
You visited 1 bazaar.
You also visited: Trove and Ice Cave.

You collected 11766 gold pieces.
You spent 4553 gold pieces at shops.

Inventory:

Hand Weapons
 a - the +8 mithril axe "Arga" (weapon) {speed, Will+}
   (You found it on level 3 of the Spider Nest)

   Attacks with this weapon are significantly faster.
   It affects your willpower, your defense against some magical effects.
 k - the +9 great sword of Wuosus {drain, +Inv rElec Str+3 SInv}
   (You found it on level 1 of the Depths)

   A truly terrible weapon, it drains the life of those it strikes.
   It affects your strength (+3).
   It insulates you from electricity.
   It lets you see invisible.
   It lets you turn invisible.
 S - a +9 eveningstar of holy wrath
Missiles
 N - 57 silver javelins (quivered)
Armour
 b - +5 gold dragon scales (worn)
 c - a +1 tower shield of reflection (worn)
 f - the +1 pair of boots of Kikubaaqudgha's Hatred {rF+}
   (You bought it in a shop on level 7 of the Dungeon)

   It protects you from fire.
 E - a +1 pair of boots of running (worn)
 F - a +0 hat of see invisible (worn)
 K - a +0 cloak of preservation
 O - a +1 pair of gloves of dexterity (worn)
 V - a scarf of resistance
 Z - the +0 cloak "Oroenkyh" (worn) {-Cast *Drain rElec rC+++}
   (You found it on level 7 of Cocytus)

   It renders you almost immune to cold.
   It insulates you from electricity.
   It prevents spellcasting.
   It causes draining when unequipped.
Jewellery
 e - the ring of the Tempest {EV+4 Str+2}
   (You took it off a hell knight on level 7 of the Iron City of Dis)

   [ring of evasion]

   It affects your evasion (+4).
   It affects your strength (+2).
 p - the ring "Gusoowka" {+Fly rF+ Str-5 SInv}
   (You took it off an orc on level 2 of the Orcish Mines)

   [ring of protection from fire]

   It affects your strength (-5).
   It protects you from fire.
   It lets you see invisible.
   It lets you fly.
 x - an uncursed ring of protection from fire
 B - a ring of positive energy (left hand)
 D - the ring of Robustness {AC+8}
   (You found it on level 7 of the Iron City of Dis)

   [ring of protection]

   It affects your AC (+8).
 H - an uncursed ring of protection from cold
 W - the ring of the Ban (right hand) {rElec rN+ Str+6}
   (You bought it in a shop on level 5 of the Depths)

   [ring of strength]

   It affects your strength (+6).
   It insulates you from electricity.
   It protects you from negative energy.
 X - an amulet of faith (around neck)
Wands
 h - a wand of digging (48)
 s - a wand of acid (17)
 I - a wand of paralysis (34)
 Q - a wand of disintegration (31)
Scrolls
 i - 2 scrolls of blinking
 j - 3 scrolls of silence
 l - 11 scrolls of teleportation
 o - 8 scrolls of fear
 q - 5 scrolls of holy word
 r - 2 scrolls of enchant weapon
 t - 12 scrolls of identify
 v - 15 scrolls of immolation
 z - 3 scrolls of magic mapping
 A - 24 scrolls of remove curse
 C - 2 scrolls of enchant armour
 P - 5 scrolls of brand weapon
Potions
 d - 2 potions of might
 m - 6 potions of curing
 n - 5 potions of brilliance
 u - 7 potions of mutation
 w - 6 potions of haste
 G - 2 potions of resistance
 J - 4 potions of cancellation
 L - 4 potions of flight
 Y - 2 potions of heal wounds
Miscellaneous
 g - a condenser vane (inert)
 y - the horn of Geryon
 M - a phantom mirror
 R - a tin of tremorstones (1/2)
 T - a phantom mirror


   Skills:
 O Level 27 Fighting
 - Level 25.8(27) Axes
 - Level 19.8(24.9) Maces & Flails
 - Level 8.1 Throwing
 O Level 27 Armour
 * Level 19.4 Dodging
 - Level 4.9 Stealth
 O Level 27 Shields
 + Level 15.9 Invocations
 * Level 11.1 Evocations


You had 26 spell levels left.
You didn't know any spells.
Your spell library contained the following spells:

 Spells                   Type           Power        Failure   Level
 Animate Skeleton         Necr           0%           93%         1
 Apportation              Tloc           0%           93%         1
 Beastly Appendage        Tmut           0%           93%         1
 Corona                   Hex            0%           93%         1
 Foxfire                  Conj/Fire      0%           93%         1
 Freeze                   Ice            0%           93%         1
 Magic Dart               Conj           0%           93%         1
 Pain                     Necr           0%           93%         1
 Shock                    Conj/Air       0%           93%         1
 Sting                    Tmut/Pois      0%           93%         1
 Summon Small Mammal      Summ           0%           93%         1
 Blink                    Tloc           N/A          98%         2
 Call Imp                 Summ           0%           98%         2
 Corpse Rot               Necr/Air       N/A          98%         2
 Ensorcelled Hibernation  Hex/Ice        0%           98%         2
 Poisonous Vapours        Pois/Air       0%           98%         2
 Slow                     Hex            0%           98%         2
 Swiftness                Air            0%           98%         2
 Wereblood                Tmut           0%           98%         2
 Call Canine Familiar     Summ           0%           100%        3
 Confusing Touch          Hex            0%           100%        3
 Conjure Flame            Conj/Fire      0%           100%        3
 Dazzling Flash           Conj/Hex       0%           100%        3
 Frozen Ramparts          Ice            0%           100%        3
 Gell's Gravitas          Tloc           0%           100%        3
 Ignite Poison            Fire/Tmut/Pois 0%           100%        3
 Inner Flame              Hex/Fire       0%           100%        3
 Lesser Beckoning         Tloc           0%           100%        3
 Mephitic Cloud           Conj/Pois/Air  0%           100%        3
 Ozocubu's Armour         Ice            0%           100%        3
 Portal Projectile        Hex/Tloc       0%           100%        3
 Spider Form              Tmut/Pois      0%           100%        3
 Static Discharge         Conj/Air       0%           100%        3
 Summon Guardian Golem    Hex/Summ       0%           100%        3
 Teleport Other           Tloc           0%           100%        3
 Tukima's Dance           Hex            0%           100%        3
 Vampiric Draining        Necr           0%           100%        3
 Airstrike                Air            0%           100%        4
 Animate Dead             Necr           0%           100%        4
 Cause Fear               Hex            0%           100%        4
 Fulminant Prism          Conj/Hex       0%           100%        4
 Hailstorm                Conj/Ice       0%           100%        4
 Ice Form                 Ice/Tmut       0%           100%        4
 Iskenderun's Mystic Bla  Conj/Tloc      0%           100%        4
 Olgreb's Toxic Radiance  Pois           0%           100%        4
 Passage of Golubria      Tloc           N/A          100%        4
 Petrify                  Tmut/Erth      0%           100%        4
 Summon Ice Beast         Ice/Summ       0%           100%        4
 Summon Lightning Spire   Summ/Air       0%           100%        4
 Agony                    Necr           0%           100%        5
 Alistair's Intoxication  Tmut/Pois      0%           100%        5
 Blade Hands              Tmut           0%           100%        5
 Bolt of Magma            Conj/Fire/Erth 0%           100%        5
 Borgnjor's Vile Clutch   Necr/Erth      0%           100%        5
 Excruciating Wounds      Necr           0%           100%        5
 Fireball                 Conj/Fire      0%           100%        5
 Irradiate                Conj/Tmut      0%           100%        5
 Lightning Bolt           Conj/Air       0%           100%        5
 Metabolic Englaciation   Hex/Ice        0%           100%        5
 Silence                  Hex/Air        0%           100%        5
 Summon Forest            Summ/Tloc      0%           100%        5
 Summon Mana Viper        Hex/Summ       0%           100%        5
 Yara's Violent Unravell  Hex/Tmut       0%           100%        5
 Conjure Ball Lightning   Conj/Air       0%           100%        6
 Death Channel            Necr           0%           100%        6
 Dispersal                Tloc           0%           100%        6
 Eringya's Noxious Bog    Tmut/Pois      0%           100%        6
 Hydra Form               Tmut           0%           100%        6
 Invisibility             Hex            0%           100%        6
 Iron Shot                Conj/Erth      0%           100%        6
 Ozocubu's Refrigeration  Ice            0%           100%        6
 Simulacrum               Ice/Necr       0%           100%        6
 Starburst                Conj/Fire      0%           100%        6
 Statue Form              Tmut/Erth      0%           100%        6
 Dragon Form              Tmut           0%           100%        7
 Spellforged Servitor     Conj/Summ      0%           100%        7
 Chain Lightning          Conj/Air       0%           100%        8
 Discord                  Hex            0%           100%        8
 Disjunction              Tloc           0%           100%        8
 Ignition                 Fire           0%           100%        8
 Lehudib's Crystal Spear  Conj/Erth      0%           100%        8
 Absolute Zero            Ice            0%           100%        9
 Dragon's Call            Summ           0%           100%        9
 Fire Storm               Conj/Fire      0%           100%        9
 Shatter                  Erth           0%           100%        9
 Tornado                  Air            0%           100%        9


Dungeon Overview and Level Annotations

Branches:
Dungeon (15/15)            Temple (0/1) D:6            Lair (6/6) D:10
 Shoals (4/4) Lair:2       Spider (4/4) Lair:2        Slime (0/5) Lair:6
    Orc (2/2) D:11            Elf (3/3) Orc:2        Vaults (5/5) D:13
  Crypt (0/3) Vaults:2     Depths (5/5) D:15           Hell (visited)
    Dis (7/7) Hell            Geh (7/7) Hell            Coc (7/7) Hell
    Tar (4/7) Hell            Zot (0/5) Depths:5      IceCv (visited)

Altars:
Ashenzari
Elyvilon
Okawaru
Qazlal
Ru
Sif Muna
Uskayaw
Vehumet
Yredelemnul
Beogh
Jiyva

Shops:
D:4 !   D:7 *[*(   D:13 :   D:14 **=**   Orc:2 (!:*   Elf:1 ?   Elf:3 [(*?*
Shoals:3 ((   Vaults:2 !   Vaults:5 ??   Depths:1 :[:!   Depths:5 }}=

Portals:
Hell: Depths:1 Depths:2 Depths:3 Depths:4 Depths:5
Abyss: Depths:2 Depths:5
Pandemonium: Depths:3 Depths:5
Ziggurat: Depths:2


Innate Abilities, Weirdness & Mutations

You reflexively headbutt those who attack you in melee.
You have a pair of horns on your head.
You are very weak. (Str -4)


Message History

The sphere of damnation explodes!
The damnation engulfs you!!
* * * LOW HITPOINT WARNING * * *
The deep elf demonologist casts a spell.
The deep elf sorcerer is engulfed in acidic fog.
The deep elf sorcerer is splashed with acid.
Unknown command.
Throw: 58 javelins (silver)
Press: ? - help, Q - select action, (/) - cycle Shift-Dir - straight line, f/p - deep elf sorcerer
Aim: a deep elf sorcerer, wielding a +0 dagger and wearing a +0 scale mail (acidic fog, moderately wounded, fast, spells empowered, covered in acid)
You throw a silver javelin.
The silver javelin pierces through the deep elf sorcerer!
The deep elf sorcerer is severely wounded.
The deep elf sorcerer is engulfed in acidic fog.
The deep elf sorcerer is splashed with acid.
The deep elf sorcerer gestures at you while chanting.
The sphere of damnation explodes!
The damnation engulfs you!!
* * * LOW HITPOINT WARNING * * *
The deep elf sorcerer gestures at you while chanting.
The bolt of acid hits you!!!
You die...

+..#≈≈....# .§§..#
###+#..#≈≈....# §§§...#
#...#..#≈≈....# .§§§...
#...#..#≈≈....# .§§§...##
#...#..#≈≈....# .§§§§...#
#...#..#≈≈....#
.e§§§...###...'..#≈≈....#
.§§§§.§§§##..)#..#≈≈....#
.§§§..○○@##...#..#≈≈....#
.2§§.§§§§#s...#..#≈≈.....
...§§§§)§r....#..#≈≈....#
..e§e§§###e...#..'......#
...§§§§ .r..#..'......#
.(.e§§# ##'##..#≈≈....#
.?e... ..#..#≈≈....#
....(. .#..#≈≈....#
...... #..#≈≈....#


You could see a deep elf annihilator (empowered), a blizzard demon (summoned), 2
deep elf sorcerers, a deep elf demonologist (empowered), a deep elf high priest
(brilliance aura), a deep elf mage and 2 hell rats.

Vanquished Creatures
  Antaeus (Coc:7)
  Asmodeus (Geh:7)
  Dispater (Dis:7)
  An ancient lich (Vaults:5)
  Sojobo (Depths:4)
  Boris (Vaults:3)
  11 shard shrikes
  Bai Suzhen (Shoals:3)
  3 caustic shrikes
  Saint Roka (Depths:4)
  5 golden dragons
  Geryon (Hell)
  8 bone dragons
  4 doom hounds
  5 iron giants
  6 Tzitzimimeh
  31 Brimstone Fiends
  Arachne (Spider:3)
  5 tentacled monstrosities
  27 Ice Fiends
  9 Hell Sentinels
  9 quicksilver dragons
  5 liches
  9 titans
  A deep elf master archer (Elf:3)
  4 Executioners
  2 tentacled starspawn (Abyss:3)
  5 sphinxes
  A thorn hunter (Abyss:3)
  The ghost of Hector the Wrestler, an adept TrWr of Ru (Spider:3)
  Agnes (Depths:4)
  19 ancient champions
  6 storm dragons
  9 tengu reavers
  11 shadow dragons
  19 fire giants
  Roxanne (Shoals:2)
  A revenant (Hell)
  The ghost of archon2 the Scorcher, an adept DEFE of Vehumet (Shoals:1)
  8 deep elf sorcerers
  14 frost giants
  Ilsuiw (Shoals:3)
  A fenstrider witch (shapeshifter) (Depths:2)
  A draconian knight (Depths:4)
  17 vault wardens
  14 balrugs
  Louise (D:15)
  6 emperor scorpions
  8 cacodemons
  An orc warlord (Orc:1)
  4 ghost moths
  3 deep elf elementalists
  Aizul (Vaults:3)
  5 iron dragons
  2 caustic shrike zombies (Hell)
  A draconian stormcaller (Depths:5)
  55 reapers
  The ghost of Rennog the Severer, a journeyman DDFi of Makhleb (Lair:4)
  A spriggan defender (Depths:4)
  11 ironheart preservers
  16 war gargoyles
  4 elemental wellsprings
  A black draconian (Depths:4)
  A juggernaut skeleton (Depths:4)
  30 stone giants
  12 very ugly things
  A green draconian (Depths:5)
  7 vampire knights
  8 deep elf annihilators
  An entropy weaver (Vaults:3)
  A lorocyproca (Dis:4)
  4 deep elf demonologists
  A white draconian (Depths:5)
  A yellow draconian (Abyss:3)
  A purple draconian (Depths:5)
  A minotaur (shapeshifter) (Vaults:5)
  4 spark wasps
  An eidolon (Vaults:2)
  14 ettins
  Snorg (Lair:4)
  7 merfolk javelineers
  7 quicksilver dragon zombies
  The ghost of Tarl the Fencer, a journeyman GrFi of Qazlal (Orc:2)
  15 blizzard demons
  7 merfolk impalers
  4 deep elf death magi
  Josephine (Lair:6)
  9 great orbs of eyes
  22 yaktaur captains
  9 fire dragons
  14 ogre magi
  8 deep elf high priests
  A great orb of eyes (shapeshifter) (Depths:3)
  4 jiangshi
  3 merfolk avatars (Shoals:4)
  27 ice dragons
  3 quicksilver dragon skeletons
  4 kraken zombies
  7 hydras
  Harold (D:8)
  30 vault guards
  6 rakshasas
  A ghost crab (Tar:3)
  13 boulder beetles
  3 hell beasts
  10 centaur warriors
  9 merfolk aquamancers
  2 catoblepae (Lair:4)
  2 anacondas (shapeshifter)
  A satyr (Abyss:3)
  3 spriggan air magi
  An alligator snapping turtle (Shoals:4)
  11 deep troll shamans
  11 tengu warriors
  30 dancing weapons
  16 deep troll earth magi
  8 death scarabs (Spider:4)
  6 titan zombies
  39 two-headed ogres
  27 hell hogs
  5 vampire magi
  2 death knights
  An orc high priest (Elf:1)
  4 death yaks (Lair:6)
  Urug (Lair:4)
  A thrashing horror (Abyss:3)
  58 hell knights
  19 deep elf knights
  5 storm dragon zombies
  12 soul eaters
  9 spriggan berserkers
  8 titan skeletons
  2 fire crabs (shapeshifter)
  4 iron trolls
  21 sun demons
  4 golden dragon zombies
  95 skeletal warriors
  4 wretched stars (Abyss:3)
  14 anaconda zombies
  2 iron golems
  A storm dragon skeleton (Coc:2)
  10 sea snakes
  A glowing orange brain (shapeshifter) (Vaults:5)
  2 quicksilver dragon simulacra (Coc:7)
  8 shadow demons
  An obsidian statue (D:10)
  An unseen horror (shapeshifter) (Depths:3)
  45 deep trolls
  2 glowing orange brains
  5 unseen horrors
  3 wizards
  A swamp dragon (Abyss:3)
  A sea snake (shapeshifter) (Vaults:3)
  8 deep elf archers
  2 sphinx zombies (Hell)
  Pikel (D:4)
  10 anaconda skeletons
  2 ghost moth zombies
  13 flayed ghosts
  7 iron dragon zombies
  7 phantasmal warriors
  16 ironbrand convokers
  6 golden dragon skeletons
  3 shadow dragon zombies
  A tengu zombie (Depths:5)
  8 harpies
  5 spectral wolf spiders (Spider:4)
  A human zombie (Vaults:3)
  10 orb spiders
  25 wolf spiders
  45 deep elf magi
  21 orc knights
  3 shadow dragon skeletons
  4 wolf spider zombies
  10 stone giant zombies
  A tengu skeleton (Vaults:3)
  37 ugly things
  An orb spider (shapeshifter) (Vaults:4)
  2 oklob plants (Lair:3)
  8 frost giant zombies
  A shining eye (shapeshifter) (Depths:3)
  6 cyclopes
  24 necromancers
  10 manticores
  A manticore (shapeshifter) (Vaults:5)
  5 orc sorcerers
  30 slime creatures
  2 cyclopes (shapeshifter)
  11 fauns
  A black mamba (shapeshifter) (Depths:1)
  9 fire giant zombies
  8 fire giant skeletons
  17 black mambas
  12 merfolk sirens
  4 salamanders (shapeshifter)
  3 salamanders (Depths:4)
  3 stone giant skeletons
  2 worldbinders (Abyss:3)
  11 elephants
  A sphinx skeleton (Depths:2)
  A guardian serpent (shapeshifter) (Depths:2)
  3 dire elephant zombies
  2 moths of wrath (Spider:4)
  4 shock serpent zombies
  2 frost giant skeletons
  A water nymph (shapeshifter) (Elf:1)
  3 water nymphs
  A guardian serpent (Lair:6)
  5 ice statues (IceCv)
  18 vault sentinels
  38 rust devils
  7 molten gargoyles (Geh:7)
  7 naga magi (D:13)
  A shock serpent skeleton (Geh:7)
  2 apocalypse crabs (Abyss:3)
  A titan simulacrum (Depths:5)
  6 elf zombies
  5 orange demons
  5 spectral swamp worms (Depths:1)
  12 cane toads
  4 smoke demons (Hell)
  An iron dragon skeleton (Tar:4)
  3 torpor snails
  A storm dragon simulacrum (Coc:7)
  2 catoblepas zombies
  A cane toad (shapeshifter) (Depths:3)
  3 emperor scorpion zombies
  27 hellions
  2 yaktaur zombies
  A rime drake (shapeshifter) (Depths:3)
  59 yaktaurs
  3 redback zombies (Spider:4)
  10 dire elephant skeletons
  4 rime drakes
  2 efreet
  A golden dragon simulacrum (IceCv)
  A kobold demonologist (D:13)
  27 red devils
  3 spectral redbacks (Spider:4)
  A yaktaur skeleton (Vaults:3)
  8 komodo dragons
  39 tormentors
  31 freezing wraiths
  2 ancient zymes (Abyss:3)
  45 ice devils
  3 spriggan skeletons
  6 anaconda simulacra
  A minotaur skeleton (Geh:2)
  21 demonic crawlers
  17 merfolk
  5 tengu conjurers
  A ghost moth simulacrum (Coc:7)
  11 harpy zombies
  A meliai (shapeshifter) (Depths:3)
  A tengu simulacrum (Vaults:2)
  11 trolls
  3 wind drakes
  A polar bear (Lair:4)
  20 hornets
  2 spectral tarantellas (Spider:4)
  21 hydra zombies
  A hornet (shapeshifter) (Vaults:3)
  6 hydra skeletons
  3 spectral jumping spiders (Spider:4)
  A wolf spider simulacrum (Coc:7)
  22 jumping spiders
  13 blink frogs
  A shadow dragon simulacrum (Coc:7)
  9 alligator zombies
  A deep troll zombie (Hell)
  4 harpy skeletons
  3 blink frogs (shapeshifter)
  9 snapping turtles
  A slime creature (shapeshifter) (Depths:3)
  A dream sheep (shapeshifter) (Depths:3)
  7 ice dragon zombies
  2 jumping spider zombies (Spider:4)
  9 dream sheep
  14 ettin zombies
  9 fire dragon zombies
  3 spriggan zombies
  An iron dragon simulacrum (Coc:7)
  A tarantella zombie (Spider:4)
  A black mamba zombie (Geh:7)
  6 air elementals
  5 alligator skeletons
  2 meliai zombies (D:15)
  86 flying skulls
  54 redbacks
  8 spriggans
  29 tarantellas
  2 spriggans (shapeshifter)
  A fire dragon skeleton (Coc:7)
  4 ice dragon skeletons
  14 shadows
  A ynoxinul (Abyss:3)
  9 starcursed masses (Abyss:3)
  36 wraiths
  7 ettin skeletons
  74 yaks
  28 water elementals
  A black mamba skeleton (Dis:3)
  A yak (shapeshifter) (Depths:3)
  A basilisk (shapeshifter) (Vaults:3)
  10 wyverns
  25 fire elementals
  A steam dragon (Lair:2)
  5 basilisks
  A yaktaur simulacrum (Vaults:3)
  3 chaos spawn (Abyss:3)
  12 wargs
  2 harpy simulacra (IceCv)
  A soldier ant (shapeshifter) (Depths:1)
  4 vampire mosquitoes (D:14)
  2 acid dragons (Vaults:1)
  A soldier ant (D:15)
  12 cane toad zombies
  67 hell hounds
  25 water moccasins
  4 hydra simulacra
  A floating eye (Depths:4)
  2 cane toad skeletons
  44 orc warriors
  2 spectral hornets (Spider:4)
  3 swamp dragon zombies
  2 hornet zombies (Spider:4)
  16 necrophages
  2 ice dragon simulacra
  17 ice beasts
  5 sky beasts
  7 snapping turtle zombies
  An ogre skeleton (Vaults:1)
  A black bear (D:11)
  11 phantoms
  2 alligator simulacra (Coc:7)
  15 boggarts
  43 ogres
  2 manticore zombies
  40 wolves
  27 centaurs
  2 swamp dragon skeletons
  3 snapping turtle skeletons
  A lemure (D:4)
  2 big kobolds
  3 small abominations (Abyss:3)
  An ogre simulacrum (Vaults:1)
  3 gnoll sergeants (D:9)
  9 bullfrogs
  3 earth elementals
  A wyvern zombie (D:14)
  A cane toad simulacrum (Hell)
  2 wyvern skeletons (D:13)
  A water moccasin zombie (D:5)
  3 scorpions
  2 human simulacra (Vaults:3)
  A swamp dragon simulacrum (Hell)
  A manticore simulacrum (Coc:7)
  55 wights
  9 killer bees (D:12)
  12 howler monkeys
  4 electric eels
  3 centaur zombies
  3 bullfrog zombies
  14 crimson imps
  A lava snake (D:15)
  A quasit (D:11)
  37 iron imps
  A jelly (D:7)
  28 orc priests
  15 hounds
  5 centaur skeletons
  29 orc wizards
  2 bullfrog skeletons (D:6)
  7 iguanas
  3 gnoll shamans (D:9)
  An iguana (shapeshifter) (Depths:5)
  6 hell rats (Hell)
  15 worker ants
  An ogre zombie (Geh:2)
  A naga zombie (Dis:4)
  A hound skeleton (D:5)
  3 mummies
  4 worker ant zombies
  17 gnolls
  12 adders
  A river rat (D:10)
  4 shadow imps
  20 white imps
  An ufetubus (D:7)
  3 oozes
  2 worms
  A dart slug (D:1)
  4 leopard geckos
  113 orcs
  6 giant cockroaches
  9 goblins
  9 hobgoblins
  6 jackals
  17 kobolds
  5 quokkas
  2 ball pythons
  10 bats
  8 frilled lizards
  A jackal zombie (D:5)
  A kobold skeleton (Geh:7)
  A leopard gecko skeleton (D:8)
  An orc skeleton (Coc:7)
  An orc zombie (Dis:7)
  A quokka skeleton (D:6)
  8 rats
  A briar patch (Abyss:3)
  A bush (Lair:6)
  3 crawling corpses (Vaults:5)
  2 plants (Shoals:1)
  5 starspawn tentacles (Abyss:3)
  4 tentacles (Coc:6)
3667 creatures vanquished.

Vanquished Creatures (others)
  A frost giant (Depths:2)
  A draconian scorcher (Depths:5)
  2 elemental wellsprings
  2 green draconians (Depths:5)
  A merfolk impaler (Shoals:3)
  A merfolk aquamancer (Shoals:4)
  A deep troll shaman (Depths:2)
  A sun demon (Geh:7)
  A wizard (Depths:4)
  A manticore (Shoals:4)
  An ugly thing (Depths:3)
  A flying skull (Tar:4)
  A hell hound (Geh:7)
  An eye of draining (Abyss:3)
  A crimson imp (Geh:7)
  3 orcs
  A briar patch (Abyss:3)
  2 bushes (Lair:6)
  55 fungi
  A lurking horror (Abyss:3)
  157 plants
  2 starspawn tentacles (Abyss:3)
  20 tentacles
  4 withered plants (D:15)
262 creatures vanquished.

Grand Total: 3929 creatures vanquished

Notes
Turn   | Place    | Note
-------+----------+-------------------------------------------
     0 | D:1      | mhtbhm the Minotaur Fighter began the quest for the Orb.
     0 | D:1      | Reached XP level 1. HP: 19/19 MP: 0/0
   177 | D:1      | Reached XP level 2. HP: 18/27 MP: 1/1
   429 | D:1      | Reached XP level 3. HP: 17/33 MP: 2/2
  1020 | D:2      | Reached skill level 1 in Dodging
  1152 | D:2      | Found a radiant altar of Vehumet.
  1155 | D:2      | Reached XP level 4. HP: 40/40 MP: 3/3
  1168 | D:2      | Found a sacrificial altar of Ru.
  2295 | D:3      | Reached XP level 5. HP: 42/47 MP: 4/4
  2845 | D:3      | Found a hide-covered altar of Uskayaw.
  2845 | D:3      | Found a basalt altar of Yredelemnul.
  2970 | D:4      | Found Verunt's Distillery.
  3015 | D:4      | Noticed a lemure
  3015 | D:4      | Noticed a lemure
  3015 | D:4      | Noticed Pikel
  3017 | D:4      | Noticed a lemure
  3017 | D:4      | Noticed a lemure
  3029 | D:4      | Killed a lemure
  3030 | D:4      | Killed Pikel
  3031 | D:4      | Reached skill level 5 in Fighting
  3031 | D:4      | Reached skill level 5 in Shields
  3031 | D:4      | Reached XP level 6. HP: 54/56 MP: 5/5
  3031 | D:4      | Reached XP level 7. HP: 59/61 MP: 6/6
  3445 | D:5      | Entered Level 5 of the Dungeon
  3495 | D:5      | Reached skill level 5 in Armour
  3655 | D:5      | Reached XP level 8. HP: 59/68 MP: 7/7
  3716 | D:5      | Found an iron altar of Okawaru.
  3731 | D:5      | Became a worshipper of Warmaster Okawaru
  4444 | D:5      | Found a stormy altar of Qazlal.
  4805 | D:6      | Reached * piety under Okawaru
  4857 | D:6      | Found a staircase to the Ecumenical Temple.
  4904 | D:6      | Found a white marble altar of Elyvilon.
  5139 | D:6      | Found a broken altar of Ashenzari.
  5296 | D:6      | Reached skill level 1 in Invocations
  5434 | D:7      | Found Poizir's Antique Armour Emporium.
  5448 | D:7      | Bought a pair of crude boots for 228 gold pieces
  5453 | D:7      | Identified the +1 pair of boots of Kikubaaqudgha's Hatred
                  | {rF+} (You bought it in a shop on level 7 of the Dungeon)
  5490 | D:7      | Found Annuq's Weapon Shop.
  5546 | D:7      | Found Vesch's General Store.
  5554 | D:7      | Bought a scroll of identify for 24 gold pieces
  5570 | D:7      | Reached skill level 10 in Axes
  5570 | D:7      | Reached skill level 5 in Dodging
  5570 | D:7      | Reached XP level 9. HP: 80/80 MP: 8/12
  5922 | D:7      | Found Fejaok's General Store.
  5925 | D:7      | Bought a scroll of immolation for 56 gold pieces
  6049 | D:8      | Reached XP level 10. HP: 88/88 MP: 13/13
  6069 | D:8      | Found a sacrificial altar of Ru.
  6190 | D:8      | Noticed Harold
  6201 | D:8      | Killed Harold
  6201 | D:8      | Reached ** piety under Okawaru
  6202 | D:8      | Reached skill level 10 in Shields
  6881 | D:9      | Reached *** piety under Okawaru
  7091 | D:9      | Reached **** piety under Okawaru
  7435 | D:9      | Reached XP level 11. HP: 77/95 MP: 15/15
  7708 | D:10     | Entered Level 10 of the Dungeon
  7727 | D:10     | Reached ***** piety under Okawaru
  7864 | D:10     | Received a gift from Okawaru
  7915 | D:10     | Found a staircase to the Lair.
  8106 | D:10     | Noticed an obsidian statue
  8456 | D:11     | Noticed a boulder beetle
  8470 | D:11     | Killed a boulder beetle
  8623 | D:11     | Noticed a white ugly thing
  9095 | D:12     | Noticed a four-headed hydra
  9114 | D:12     | Killed a 13-headed hydra
  9566 | D:12     | Noticed a red ugly thing
  9582 | D:12     | Killed a red ugly thing
 10043 | D:11     | Found a staircase to the Orcish Mines.
 10185 | D:11     | Killed a white ugly thing
 10186 | D:11     | Reached XP level 12. HP: 25/104 MP: 17/17
 10752 | Lair:1   | Entered Level 1 of the Lair of Beasts
 10870 | Lair:1   | Noticed a five-headed hydra
 10876 | Lair:1   | Killed a three-headed hydra
 11692 | Lair:2   | Noticed a boulder beetle
 11704 | Lair:2   | Killed a boulder beetle
 11941 | Lair:2   | Received a gift from Okawaru
 12019 | Lair:2   | Got an ichor-stained spear {god gift}
 12020 | Lair:2   | Identified the +2 spear of Mastery {drain, rN+++ Stlth+}
                  | (Okawaru gifted it to you on level 2 of the Lair of Beasts)
 12577 | Lair:2   | Reached skill level 10 in Armour
 12665 | Lair:2   | Found a hole to the Spider Nest.
 12815 | Lair:2   | Received a gift from Okawaru
 12830 | Lair:2   | Reached XP level 13. HP: 101/113 MP: 19/19
 12852 | Lair:2   | Found a staircase to the Shoals.
 13087 | Lair:3   | Reached skill level 10 in Fighting
 13205 | Lair:3   | You fall into a shaft and drop 1 floor!
 13268 | Lair:4   | Reached ****** piety under Okawaru
 13377 | Lair:4   | Found a runed translucent door.
 13377 | Lair:4   | Noticed Rennog's ghost (journeyman DDFi)
 13402 | Lair:4   | Killed Rennog's ghost
 13403 | Lair:4   | Reached skill level 1 in Stealth
 13486 | Lair:4   | Reached skill level 10 in Invocations
 13517 | Lair:4   | Noticed Urug
 13536 | Lair:4   | HP: 5/113 [Urug/+1 halberd of freezing (13)]
 13548 | Lair:4   | Killed Urug
 13549 | Lair:4   | Reached skill level 1 in Evocations
 13561 | Lair:4   | Received a gift from Okawaru
 14033 | Lair:4   | Noticed Snorg
 14052 | Lair:4   | Killed Snorg
 15579 | Lair:5   | Received a gift from Okawaru
 15643 | Lair:5   | Reached skill level 15 in Shields
 16560 | Lair:6   | Entered Level 6 of the Lair of Beasts
 16594 | Lair:6   | Paralysed by a hornet for 2 turns
 16599 | Lair:6   | Reached XP level 14. HP: 86/122 MP: 20/20
 16763 | Lair:6   | Received a gift from Okawaru
 17315 | Lair:6   | Noticed Josephine
 17330 | Lair:6   | Killed Josephine
 17357 | Lair:6   | Received a gift from Okawaru
 17398 | Lair:6   | Found a staircase to the Slime Pits.
 17761 | Lair:6   | Found a viscous altar of Jiyva.
 18764 | Orc:1    | Entered Level 1 of the Orcish Mines
 18984 | Orc:1    | Noticed an orc warlord
 19022 | Orc:1    | Killed an orc warlord
 19609 | Orc:2    | Entered Level 2 of the Orcish Mines
 19907 | Orc:2    | Found a staircase to the Elven Halls.
 19955 | Orc:2    | Found a runed translucent gate.
 19955 | Orc:2    | Found a runed translucent gate.
 19961 | Orc:2    | Noticed Tarl's ghost (journeyman GrFi)
 19964 | Orc:2    | Identified the +9 bardiche "Meamiats" {vorpal, rC++ Str-5
                  | Dex+5}
 19964 | Orc:2    | Identified the +4 chain mail of Light {rPois rF- rN+ Int+7}
 19966 | Orc:2    | Found a roughly hewn altar of Beogh.
 19966 | Orc:2    | Found a runed translucent gate.
 19967 | Orc:2    | Identified the ring "Gusoowka" {+Fly rF+ Str-5 SInv}
 20017 | Orc:2    | Killed Tarl's ghost
 20034 | Orc:2    | Reached XP level 15. HP: 104/132 MP: 22/22
 20282 | Orc:2    | Reached skill level 15 in Axes
 20304 | Orc:2    | Reached skill level 1 in Throwing
 20366 | Orc:2    | Found Ewiffa's Book Shoppe.
 20366 | Orc:2    | Found Tubrur's Weapon Shop.
 20399 | Orc:2    | Paralysed by an ogre mage for 5 turns
 20404 | Orc:2    | Received a gift from Okawaru
 20664 | Orc:2    | Found Igeyn's General Store.
 20664 | Orc:2    | Found Modeic's Distillery.
 20683 | Orc:2    | Bought a scroll of enchant weapon for 97 gold pieces
 20683 | Orc:2    | Bought a scroll of identify for 26 gold pieces
 20687 | Orc:2    | Bought a potion of curing for 48 gold pieces
 20687 | Orc:2    | Bought a potion of heal wounds for 80 gold pieces
 20687 | Orc:2    | Bought 2 potions of haste for 320 gold pieces
 21262 | D:11     | You fall into a shaft and drop 2 floors!
 21485 | D:13     | Found Kig Munir's Book Shop.
 21549 | D:13     | Found a gate to the Vaults.
 21856 | D:13     | Received a gift from Okawaru
 21870 | D:13     | Got an emerald-encrusted crystal plate armour {god gift}
 21876 | D:13     | Identified the +4 crystal plate armour of Qaufraoz {rC-
                  | Slay+5} (Okawaru gifted it to you on level 13 of the
                  | Dungeon)
 21999 | D:13     | Found a portal to a secret trove of treasure.
 22373 | D:13     | Identified the Compendium of Supportive Black Arts
 22387 | D:13     | Identified the Tome of Stolen Souls and the Glacier
 22400 | D:13     | Found a shimmering blue altar of Sif Muna.
 22406 | D:13     | Noticed a deep elf sorcerer
 22411 | D:13     | Killed a deep elf sorcerer
 22448 | D:13     | Noticed a deep elf sorcerer
 22449 | D:13     | Cast into level 3 of the Abyss (a deep elf sorcerer)
 22463 | Abyss:3  | Found a corrupted altar of Lugonu.
 22474 | D:13     | Escaped the Abyss
 22478 | D:13     | Killed a deep elf sorcerer
 22529 | D:13     | Identified the Tome of the Arsonist and Battle Magic
 22558 | D:13     | Noticed a deep elf sorcerer
 22565 | D:13     | Killed a deep elf sorcerer
 22579 | D:13     | Identified the Guide on Spatial Feathers
 22581 | D:13     | Identified the Papyrus of Ignition and Weightlessness
 22604 | D:13     | Identified the Grimoire of the Oath and Heat
 22606 | D:13     | Identified the Handbook of Noxious Unholy Arts
 22764 | D:14     | Found Pockiah's Jewellery Shop.
 22778 | D:14     | Found Utoic's Assorted Antiques.
 22791 | D:14     | Bought a scroll of teleportation for 99 gold pieces
 22791 | D:14     | Bought a scroll of teleportation for 99 gold pieces
 23232 | D:14     | Found Erixaus's Assorted Antiques.
 23237 | D:14     | Reached XP level 16. HP: 141/141 MP: 24/24
 23248 | D:14     | Bought a scroll of identify for 52 gold pieces
 23512 | D:14     | Received a gift from Okawaru
 23536 | D:14     | Found Quott's General Store.
 23692 | D:14     | Found Houfist's Assorted Antiques.
 23696 | D:14     | Bought a scroll of enchant armour for 202 gold pieces
 23696 | D:14     | Bought a scroll of identify for 54 gold pieces
 23906 | D:15     | Entered Level 15 of the Dungeon
 23935 | D:15     | Noticed Louise
 23965 | D:15     | Killed Louise
 24264 | D:15     | Found a staircase to the Depths.
 25214 | Depths:1 | Entered Level 1 of the Depths
 25230 | Depths:1 | Received a gift from Okawaru
 25242 | Depths:1 | Found a runed translucent door.
 25246 | Depths:1 | Noticed a titan
 25267 | Depths:1 | Noticed a sphinx
 25272 | Depths:1 | Paralysed by a sphinx for 7 turns
 25284 | Depths:1 | Killed a sphinx
 25784 | Depths:1 | Killed a titan
 25877 | Depths:1 | Identified the Compendium of the Mountains and Stolen Souls
 25885 | Depths:1 | Got a crystal great sword
 25891 | Depths:1 | Identified the +9 great sword of Wuosus {drain, +Inv rElec
                  | Str+3 SInv} (You found it on level 1 of the Depths)
 25957 | Depths:1 | Received a gift from Okawaru
 25969 | Depths:1 | Got a transparent ring mail {god gift}
 25980 | Depths:1 | Identified the +4 ring mail of the Distant Future {-Cast
                  | -Tele Dex+3 Slay+5} (Okawaru gifted it to you on level 1 of
                  | the Depths)
 26051 | Depths:1 | Reached XP level 17. HP: 97/151 MP: 26/26
 26390 | Depths:1 | Found Ragine's Book Shop.
 26394 | Depths:1 | Found Yzonlacu's Book Shop.
 26394 | Depths:1 | Found Wetriq's Distillery.
 26395 | Depths:1 | Found Yligumeil's Antique Armour Shop.
 26402 | Depths:1 | Bought a potion of heal wounds for 85 gold pieces
 26402 | Depths:1 | Bought a potion of curing for 51 gold pieces
 26402 | Depths:1 | Bought a potion of haste for 170 gold pieces
 26402 | Depths:1 | Bought a potion of might for 68 gold pieces
 26404 | Depths:1 | Bought a potion of flight for 51 gold pieces
 26408 | Depths:1 | Bought an embroidered hat for 210 gold pieces
 26668 | Depths:1 | Found a gateway to Hell.
 26935 | Depths:2 | Paralysed by a great orb of eyes for 3 turns
 26938 | Depths:2 | HP: 3/152 [disintegration (32)]
 27460 | Depths:2 | Received a gift from Okawaru
 28026 | Depths:2 | Received a gift from Okawaru
 28232 | Depths:2 | Paralysed by a great orb of eyes for 5 turns
 28287 | Depths:2 | Identified a scroll of acquirement
 28288 | Depths:2 | Acquired 535 gold pieces
 28804 | Depths:2 | Paralysed by something for 2 turns
 29274 | Depths:2 | Received a gift from Okawaru
 29280 | Depths:2 | Received a gift from Okawaru
 29287 | Depths:2 | Reached XP level 18. HP: 91/161 MP: 27/27
 29319 | Depths:2 | Found a gateway to a ziggurat.
 29891 | Depths:2 | Reached skill level 15 in Fighting
 29989 | Depths:2 | Received a gift from Okawaru
 30356 | Depths:2 | Found a one-way gate to the infinite horrors of the Abyss.
 30742 | Depths:3 | Received a gift from Okawaru
 31025 | Depths:3 | Found a one-way gate leading to the halls of Pandemonium.
 31375 | Depths:3 | Noticed a golden dragon
 31397 | Depths:3 | Killed a golden dragon
 31785 | Depths:3 | Received a gift from Okawaru
 31994 | Depths:3 | Received a gift from Okawaru
 31995 | Depths:3 | Reached XP level 19. HP: 149/172 MP: 28/28
 31997 | Depths:3 | Got a pair of smoking gloves {god gift}
 32008 | Depths:3 | Identified the -4 pair of gloves of Ludetif {rC+ rN+}
                  | (Okawaru gifted it to you on level 3 of the Depths)
 32218 | Depths:3 | Identified the Papyrus of Fiery Lightness
 33358 | Depths:3 | Reached skill level 15 in Armour
 34295 | Depths:4 | Received a gift from Okawaru
 34367 | Depths:4 | Noticed Saint Roka
 34382 | Depths:4 | Killed Saint Roka
 34382 | Depths:4 | Received a gift from Okawaru
 34392 | Depths:4 | Noticed Agnes
 34401 | Depths:4 | Noticed Sojobo
 34411 | Depths:4 | Killed Agnes
 34430 | Depths:4 | Killed Sojobo
 34836 | Depths:4 | Received a gift from Okawaru
 34852 | Depths:4 | Got a spiked chain mail
 34863 | Depths:4 | Identified the +3 chain mail "Ahinuocw" {-Tele Rampage
                  | Int+4 Slay+4} (You found it on level 4 of the Depths)
 35460 | Depths:4 | Noticed a lich
 35471 | Depths:4 | Killed a lich
 35564 | Depths:5 | Entered Level 5 of the Depths
 36187 | Depths:4 | Received a gift from Okawaru
 36596 | Depths:4 | Found a runed translucent gate.
 36596 | Depths:4 | Found a runed translucent gate.
 36596 | Depths:4 | Found a runed translucent gate.
 36775 | Depths:4 | Reached XP level 20. HP: 129/184 MP: 23/29
 36786 | Depths:4 | Found a runed translucent gate.
 36786 | Depths:4 | Found a runed translucent gate.
 36786 | Depths:4 | Found a runed translucent gate.
 36840 | Depths:4 | Received a gift from Okawaru
 36896 | Depths:4 | Noticed a golden dragon
 36911 | Depths:4 | Killed a golden dragon
 37769 | Depths:5 | Found Calyeng's Gadget Boutique.
 37770 | Depths:5 | Found Seghumar's Jewellery Shoppe.
 37772 | Depths:5 | Found Jieb's Gadget Boutique.
 37779 | Depths:5 | Bought the ring of the Ban {rElec rN+ Str+6} for 1380 gold
                  | pieces
 38062 | Depths:5 | Noticed a caustic shrike
 38531 | Depths:5 | Noticed a bone dragon
 38551 | Depths:4 | Received a gift from Okawaru
 38590 | Depths:5 | Killed a bone dragon
 38770 | Depths:5 | Noticed a caustic shrike
 38792 | Depths:4 | Killed a caustic shrike
 38792 | Depths:4 | Received a gift from Okawaru
 38797 | Depths:4 | Killed a caustic shrike
 39233 | Depths:5 | Noticed a caustic shrike
 39244 | Depths:5 | Killed a caustic shrike
 39919 | Depths:5 | Received a gift from Okawaru
 40041 | Depths:5 | Found a gate to the Realm of Zot.
 40643 | Depths:5 | Reached XP level 21. HP: 180/194 MP: 30/30
 40710 | Depths:3 | Upgraded the game from 0.26-a0-1126-g3318b609a0 to
                  | 0.26-a0-1129-gc5df7fbe6a
 41826 | Spider:1 | Entered Level 1 of the Spider Nest
 43387 | Spider:2 | You fall into a shaft and drop 1 floor!
 43497 | Spider:3 | Found a runed translucent door.
 43512 | Spider:3 | Noticed Hector's ghost (adept TrWr)
 43513 | Spider:3 | Found the +8 mithril axe "Arga" {speed, Will+}
 43535 | Spider:3 | Killed Hector's ghost
 43912 | Spider:3 | Noticed Arachne
 43922 | Spider:3 | Killed Arachne
 43922 | Spider:3 | Received a gift from Okawaru
 43941 | Spider:3 | Identified a +1 pair of boots of running (Okawaru gifted it
                  | to you on level 3 of the Spider Nest)
 44437 | Spider:4 | Entered Level 4 of the Spider Nest
 45719 | Spider:4 | Received a gift from Okawaru
 45748 | Spider:4 | Got a gossamer rune of Zot
 46112 | Shoals:1 | Entered Level 1 of the Shoals
 46636 | Shoals:1 | Found a large runed translucent door.
 46636 | Shoals:1 | Found a large runed translucent door.
 46642 | Shoals:1 | Received a gift from Okawaru
 46675 | Shoals:1 | Noticed archon2's ghost (adept DEFE)
 46712 | Shoals:1 | Killed archon2's ghost
 47172 | Shoals:2 | Noticed Roxanne
 47212 | Shoals:2 | Killed Roxanne
 47767 | Shoals:3 | Noticed Bai Suzhen
 47770 | Shoals:3 | Noticed Ilsuiw
 47788 | Shoals:3 | Killed Ilsuiw
 47789 | Shoals:3 | Reached XP level 22. HP: 154/205 MP: 31/31
 47806 | Shoals:3 | Killed Bai Suzhen
 48041 | Shoals:3 | Found Ifae's Antique Weapon Boutique.
 48224 | Shoals:3 | Found Worhiv's Weapon Shop.
 48446 | Shoals:4 | Entered Level 4 of the Shoals
 48458 | Shoals:4 | Found a frozen archway.
 48485 | IceCv    | Entered an ice cave
 48890 | IceCv    | Identified Sif Muna's Tome of Unholy Ignition
 49156 | Shoals:4 | Received a gift from Okawaru
 49712 | Shoals:4 | Identified the +2 hunting sling of Ceneroge {flame, Str+3}
 50177 | Shoals:4 | Got a barnacled rune of Zot
 50783 | Vaults:1 | Entered Level 1 of the Vaults
 50802 | Vaults:1 | Received a gift from Okawaru
 51010 | Vaults:1 | Received a gift from Okawaru
 51072 | Vaults:1 | Acquired a manual of Armour
 52277 | Vaults:2 | Found a staircase to the Crypt.
 52298 | Vaults:2 | Found Todeut's Distillery.
 52306 | Vaults:2 | Bought a potion of heal wounds for 85 gold pieces
 53234 | Vaults:3 | Found a flickering gateway to a bazaar.
 53240 | Bazaar   | Entered a bazaar
 53246 | Bazaar   | Found Bussirut's Book Shop.
 53246 | Bazaar   | Found Kytypeac's Jewellery Boutique.
 53347 | Vaults:3 | Reached XP level 23. HP: 204/215 MP: 32/32
 53422 | Vaults:3 | Noticed Aizul
 53434 | Vaults:3 | Killed Aizul
 53434 | Vaults:3 | Received a gift from Okawaru
 53443 | Vaults:3 | Got a distressingly furry chain mail {god gift}
 53449 | Vaults:3 | Identified the +1 chain mail "Yrghyf" {rC++ Dex+4} (Okawaru
                  | gifted it to you on level 3 of the Vaults)
 53611 | Vaults:3 | Noticed Boris
 53632 | Vaults:3 | Killed Boris
 54376 | Vaults:3 | Found the +0 glaive of the Guard {elec, spectral, AC+5}
 55156 | Vaults:4 | Received a gift from Okawaru
 55243 | Vaults:4 | Received a gift from Okawaru
 56395 | Vaults:5 | Entered Level 5 of the Vaults
 56414 | Vaults:5 | Received a gift from Okawaru
 56579 | Vaults:5 | Received a gift from Okawaru
 56589 | Vaults:5 | Reached XP level 24. HP: 184/223 MP: 32/32
 57033 | Vaults:5 | Found Kume's Magic Scroll Shoppe.
 57037 | Vaults:5 | Bought a scroll of teleportation for 57 gold pieces
 57037 | Vaults:5 | Bought a scroll of magic mapping for 66 gold pieces
 57054 | Vaults:5 | Found Kafeona's Magic Scroll Shop.
 57059 | Vaults:5 | Bought 3 scrolls of teleportation for 144 gold pieces
 57059 | Vaults:5 | Bought a scroll of blinking for 120 gold pieces
 57059 | Vaults:5 | Bought a scroll of enchant armour for 120 gold pieces
 57198 | Vaults:5 | Received a gift from Okawaru
 57592 | Vaults:5 | Identified the +4 short sword of Gallantry {freeze, Fragile
                  | +Rage rElec Int+5}
 57596 | Vaults:5 | Noticed an ancient lich
 57628 | Vaults:5 | Killed an ancient lich
 58059 | Vaults:5 | Received a gift from Okawaru
 58314 | Vaults:5 | Identified the +2 morningstar of the Witching Butterfly
                  | {vorpal, rPois Str+5} (You found it on level 5 of the
                  | Vaults)
 58412 | Vaults:5 | Reached skill level 27 in Armour
 58418 | Vaults:5 | Cast into level 3 of the Abyss (a deep elf sorcerer)
 58446 | Abyss:3  | Found a corrupted altar of Lugonu.
 58825 | Abyss:3  | Reached skill level 5 in Throwing
 58895 | Abyss:3  | Paralysed by accursed screaming for 1 turns
 58902 | Abyss:3  | Got an abyssal rune of Zot
 58911 | Vaults:5 | Escaped the Abyss
 59946 | Vaults:5 | Got a silver rune of Zot
 60014 | Vaults:5 | Received a gift from Okawaru
 60047 | Vaults:5 | Paralysed by a lich for 2 turns
 60078 | Vaults:5 | Got a glittering tin amulet
 60262 | Vaults:5 | Reached skill level 15 in Invocations
 60262 | Vaults:5 | Reached XP level 25. HP: 231/231 MP: 33/33
 60394 | Vaults:5 | Identified the Disquisition on the Entourage and Poison
 60585 | Vaults:5 | Received a gift from Okawaru
 61549 | D:13     | Identified the amulet of Fieck {RegenMP rElec rN+ Str-4}
                  | (You found it on level 5 of the Vaults)
 61552 | D:13     | You paid a toll of +3 shadow dragon scales to enter a
                  | treasure trove
 61553 | Trove    | Entered a treasure trove
 61564 | Trove    | Got a serpentine emerald amulet
 61600 | Trove    | Got a bone triple crossbow
 61622 | Trove    | Identified the +3 triple crossbow of Nightmares {flame,
                  | +Inv rElec Will+} (You found it in a treasure trove)
 61624 | Trove    | Identified the amulet of Koidgh {RegenMP rElec} (You found
                  | it in a treasure trove)
 61860 | Hell     | Entered the Vestibule of Hell
 61860 | Hell     | Noticed Geryon
 62252 | Hell     | Killed Geryon
 62356 | Hell     | Found a gateway to the freezing wastes of Cocytus.
 62577 | Hell     | Found a gateway to the ashen valley of Gehenna.
 62862 | Hell     | Gained mutation: You are weak. (Str -2) [a cacodemon]
 62870 | Hell     | Gained mutation: You are very weak. (Str -4) [a cacodemon]
 62918 | Hell     | Found a gateway to the decaying netherworld of Tartarus.
 62945 | Hell     | Received a gift from Okawaru
 63306 | Hell     | Found a gateway to the Iron City of Dis.
 63635 | Dis:1    | Entered Level 1 of the Iron City of Dis
 63974 | Dis:1    | Reached skill level 10 in Dodging
 64327 | Dis:2    | Received a gift from Okawaru
 65794 | Dis:3    | Received a gift from Okawaru
 65819 | Dis:3    | Reached XP level 26. HP: 246/246 MP: 33/33
 66086 | Dis:4    | Received a gift from Okawaru
 66246 | Dis:4    | Received a gift from Okawaru
 66415 | Dis:4    | Received a gift from Okawaru
 66569 | Dis:4    | Received a gift from Okawaru
 66926 | Dis:4    | You fall into a shaft and drop 2 floors!
 67326 | Dis:6    | Received a gift from Okawaru
 67327 | Dis:6    | Found the +2 ratskin cloak {*Rats rPois rN+ Str-1 Int-1
                  | Dex+1}
 67459 | Dis:7    | Entered Level 7 of the Iron City of Dis
 69259 | Dis:7    | Reached skill level 1 in Maces & Flails
 69654 | Dis:7    | Received a gift from Okawaru
 70050 | Dis:7    | Reached skill level 5 in Maces & Flails
 70819 | Dis:7    | Reached XP level 27. HP: 155/259 MP: 33/33
 71185 | Dis:7    | Identified the +8 great sword "Ifucwuqedgh" {vorpal, rF+
                  | rC+}
 71185 | Dis:7    | Identified the ring of the Tempest {EV+4 Str+2}
 71652 | Dis:7    | Received a gift from Okawaru
 71852 | Dis:7    | Received a gift from Okawaru
 71853 | Dis:7    | Reached skill level 10 in Maces & Flails
 72065 | Dis:7    | Reached skill level 27 in Shields
 72067 | Dis:7    | Identified the +4 staff of Dispater
 72067 | Dis:7    | Noticed Dispater
 72083 | Dis:7    | Killed Dispater
 72112 | Dis:7    | Found the ring of Robustness {AC+8}
 72151 | Dis:7    | Got a vibrating ruby amulet
 72156 | Dis:7    | Got an iron rune of Zot
 72162 | Dis:7    | Identified the amulet "Paum" {Inacc Str+4} (You found it on
                  | level 7 of the Iron City of Dis)
 72491 | Dis:7    | Received a gift from Okawaru
 72611 | Dis:7    | Got a transparent triple sword
 73156 | Hell     | Identified the +5 triple sword "Caaxos" {chaos, *Drain
                  | Dex+10} (You found it on level 7 of the Iron City of Dis)
 73234 | Tar:1    | Entered Level 1 of Tartarus
 73456 | Tar:2    | Received a gift from Okawaru
 73498 | Tar:2    | Received a gift from Okawaru
 73899 | Tar:2    | Received a gift from Okawaru
 74664 | Tar:4    | Received a gift from Okawaru
 74782 | Tar:4    | Received a gift from Okawaru
 75329 | Geh:1    | Entered Level 1 of Gehenna
 75441 | Geh:2    | Reached skill level 15 in Maces & Flails
 76726 | Geh:7    | Entered Level 7 of Gehenna
 76737 | Geh:7    | Received a gift from Okawaru
 77464 | Geh:7    | Received a gift from Okawaru
 77597 | Geh:7    | Identified the +3 kite shield of Apneruth {rN+ Dex+2}
 77652 | Geh:7    | Reached skill level 15 in Dodging
 77772 | Geh:7    | Identified the +9 falchion of Massacring {drain, MP+9}
 78116 | Geh:7    | Received a gift from Okawaru
 78343 | Geh:7    | Identified the cursed ring of Koradduo {rC+ rN+ Will+ Int-4
                  | Dex-3}
 78740 | Geh:7    | HP: 8/271 [Brimstone Fiend/damnation (48)]
 78820 | Geh:7    | Received a gift from Okawaru
 78856 | Geh:7    | Reached skill level 27 in Fighting
 79775 | Geh:7    | Identified the Almanac of Hexes
 79849 | Geh:7    | Identified the +7 sceptre of Asmodeus
 79849 | Geh:7    | Noticed Asmodeus
 79867 | Geh:7    | Killed Asmodeus
 79876 | Geh:7    | Got an obsidian rune of Zot
 80191 | Coc:1    | Entered Level 1 of Cocytus
 80367 | Coc:1    | You fall into a shaft and drop 1 floor!
 80375 | Coc:2    | Received a gift from Okawaru
 80382 | Coc:2    | Got a pair of warped gloves {god gift}
 80393 | Coc:2    | Identified the -2 pair of gloves of Repulsion {rF+}
                  | (Okawaru gifted it to you on level 2 of Cocytus)
 81087 | Coc:4    | Reached skill level 5 in Evocations
 81708 | Coc:4    | Received a gift from Okawaru
 81822 | Coc:5    | Upgraded the game from 0.26-a0-1129-gc5df7fbe6a to
                  | 0.26-a0-1132-ge9770dfcb6
 82077 | Coc:7    | Entered Level 7 of Cocytus
 82605 | Coc:7    | Identified the cursed +0 robe of Hadjma {rF+ rC+ Stlth+}
 82762 | Coc:7    | Received a gift from Okawaru
 83180 | Coc:7    | Got a pitted great sword
 83181 | Coc:7    | Identified the +7 great sword "Oblin" {holy, Int+3} (You
                  | found it on level 7 of Cocytus)
 83853 | Coc:7    | Received a gift from Okawaru
 83863 | Coc:7    | Got an ancient crystal plate armour {god gift}
 83874 | Coc:7    | Identified the +0 crystal plate armour "Nashap" {rN+ Str+2}
                  | (Okawaru gifted it to you on level 7 of Cocytus)
 85254 | Coc:7    | Identified the cursed +2 long sword of the Visionary
                  | {protect, *Corrode rF+ rC+}
 85258 | Coc:7    | Identified the +4 flail of the End of Times {elec, rElec
                  | rPois Str+4}
 85297 | Coc:7    | Got a dazzling cloak
 85308 | Coc:7    | Identified the +0 cloak "Oroenkyh" {-Cast *Drain rElec
                  | rC+++} (You found it on level 7 of Cocytus)
 85349 | Coc:7    | Noticed Antaeus
 85377 | Coc:7    | Killed Antaeus
 85406 | Coc:7    | Got an icy rune of Zot
 86270 | Elf:1    | Entered Level 1 of the Elven Halls
 86362 | Elf:1    | Found a shimmering blue altar of Sif Muna.
 86512 | Elf:1    | Received a gift from Okawaru
 86515 | Elf:1    | Got a dazzling eveningstar {god gift}
 86516 | Elf:1    | Identified the +11 eveningstar "Viatt" {vorpal, rF+ rN+
                  | Dex+2} (Okawaru gifted it to you on level 1 of the Elven
                  | Halls)
 86958 | Elf:1    | Found Cosh's Magic Scroll Shop.
 86966 | Elf:1    | Bought a scroll of blinking for 120 gold pieces
 86966 | Elf:1    | Bought a scroll of teleportation for 48 gold pieces
 86966 | Elf:1    | Bought a scroll of enchant armour for 120 gold pieces
 86966 | Elf:1    | Bought a scroll of enchant armour for 120 gold pieces
 86966 | Elf:1    | Bought a scroll of enchant weapon for 120 gold pieces
 87111 | Elf:2    | Reached skill level 10 in Evocations
 87188 | Elf:2    | Found a huge runed translucent gate.
 87191 | Elf:2    | Found a huge runed translucent gate.
 87191 | Elf:2    | Found a huge runed translucent gate.
 87192 | Elf:2    | Found a huge runed translucent gate.
 87193 | Elf:2    | Found a huge runed translucent gate.
 88038 | Elf:3    | Entered Level 3 of the Elven Halls
 88038 | Elf:3    | Found Ginobieph's Antique Weapon Boutique.
 88075 | Elf:3    | Found Voulirghe's Antique Armour Shoppe.
 88101 | Elf:3    | Found Deucell's Magic Scroll Shoppe.
 88133 | Elf:3    | Identified the +12 glaive of the Pit {vorpal, *Rage rF-
                  | rC+++ Int+6} (You found it on level 3 of the Elven Halls)
 88168 | Elf:3    | Found Riacze's General Store.
 88172 | Elf:3    | Bought a potion of curing for 33 gold pieces
 88248 | Elf:3    | Found Tunaishre's General Store.
 88311 | Elf:3    | Received a gift from Okawaru
 88333 | Elf:3    | Killed from afar by a deep elf sorcerer

Illustrated notes

Levels and vault maps discovered:
D:1:      co_arrival_random_square_maze, layout_loops_ring, serial_forest,
          infiniplex_forest_end_3, infiniplex_forest_straight_1,
          infiniplex_forest_lined_2, infiniplex_forest_lined_corner,
          infiniplex_forest_lined_3_way, infiniplex_forest_straight_4,
          minmay_hexomino_c4
D:2:      layout_basic, old_standard_altar, serial_forest,
          infiniplex_forest_pool, infiniplex_forest_clump_small,
          infiniplex_forest_lined_room_2, infiniplex_forest_join,
          infiniplex_forest_lined_3_way, infiniplex_forest_clump_curved,
          infiniplex_forest_clump_small, minmay_statues_item, lemuel_tele_altar
D:3:      minmay_spotlight, layout_basic, gammafunk_temple_overflow_statue,
          minmay_goblin_kobold_house
D:4:      layout_rooms, serial_shops, shop_coins, uniq_pikel
D:5:      layout_basic, kennysheep_mini, lemuel_doored_altar
D:6:      layout_loops_ring, nicolae_ashenzari_panopticon,
          minmay_temple_entry_glass, elyvilon_altar_5
D:7:      layout_cave_pools, serial_shops, kennysheep_mini_moat, shop,
          nicolae_shop_behind_doors, shop, roderic_serpentine_path
D:8:      layout_rooms, nicolae_ru_sacrificial_ziggurat, minmay_strange_pillars,
          minmay_crossroads, uniq_harold
D:9:      layout_cave_pools, serial_gnoll_camp, gnoll_camp_mini_sergeant,
          gnoll_camp_mini_house, gnoll_camp_huts_basic, gnoll_camp_mini_hut,
          minmay_misc_feat_five
D:10:     layout_cave_pools, erik_lair_island, serial_glass, glass_columns_c,
          glass_columns_a, minmay_protected_statue
D:11:     layout_basic, erik_orc_4
D:12:     layout_loops_cross
D:13:     evilmike_library_of_no_secrets, layout_loops_ring,
          skrybe_vaults_entry_preservation, nicolae_trove_entry_free_sample,
          serial_shops, nicolae_shop_behind_doors, minmay_nine_imps
D:14:     layout_grid_maze, serial_shops,
          nicolae_shop_competitors_out_of_business, shop, shop, shop,
          nicolae_shop_trees, grunt_decor_fettered, nooodl_orcs_dogs
D:15:     gammafunk_depths_entry_grave, layout_basic, hangedman_decor_slide_cut,
          uniq_louise
Lair:1:   layout_cave_pods, chequers_serial_rivers_room_a,
          infiniplex_staircase_pool, lemuel_fruit_tree
Lair:2:   layout_cave_pods, shoals_dummy_entry, spider_nest_entry_webs,
          grunt_forest_large_clearings
Lair:3:   layout_cellular_growth, lemuel_fruit_fields,
          minmay_lair_oklob_chamber, infiniplex_staircase_pool_2,
          serial_bayou_shore_b
Lair:4:   layout_gridlike, ebering_ghost_inner_flame, uniq_urug, uniq_snorg
Lair:5:   layout_misc_corridors, serial_rivers, chequers_serial_rivers_marsh,
          chequers_serial_rivers_room_b, chequers_serial_rivers_small_3,
          chequers_serial_rivers_small_3, chequers_serial_rivers_micro_d,
          grunt_megastairs_5
Lair:6:   hangedman_lair_tendril_chambers, layout_loops_ring, slime_altar_1,
          st_stairs_7, serial_bayou_shore_a, uniq_josephine
Shoals:1: layout_shoals, ebering_ghost_disaster_area
Shoals:2: layout_shoals, uniq_roxanne
Shoals:3: cheibrodos_shoals_baths, layout_shoals, serial_shops, shop,
          nicolae_shop_waterfront, uniq_ilsuiw, uniq_bai_suzhen
Shoals:4: shoals_end_simple, layout_shoals, portal_ice_cave_entry_frozen_things,
          nicolae_shoals_undead_eyrie
Spider:1: layout_spider_delve
Spider:2: layout_spider_delve, nicolae_spider_circle_web, nicolae_crawler_farm
Spider:3: layout_chambers, ebering_ghost_inner_flame,
          nicolae_spider_cling_ruins, uniq_arachne
Spider:4: floodkiller_spider_rune_tomb, drop_trap
Orc:1:    layout_diamond_mine
Orc:2:    st_orc_ogre_mass, layout_diamond_mine, biasface_ghost_orc_armoury
Elf:1:    minmay_elf_arrival_plus, layout_geoelf_octagon, serial_shops, shop,
          basic_altar, hangedman_corner_corridor, ebering_dispersal_statue_hall
Elf:2:    layout_loops_ring
Elf:3:    minmay_elf_hall_quartered_circle, layout_geoelf_castle, serial_shops,
          shop, shop, shop, nicolae_shop_statue_plus, shop
Vaults:1: vaults_room_door_hall, vaults_dpeg_cross, vaults_room_boxed,
          nicolae_vaults_alarming, v_misc_26, v_misc_27,
          nicolae_vaults_network_periphery, vaults_mumra_chevron,
          layout_vaults_big_room
Vaults:2: minmay_crypt_entry_simple_plaza, hangedman_vaults_trim,
          hangedman_vaults_trim, nicolae_vaults_specimen_jars,
          nicolae_vaults_network_barrier, hangedman_vaults_nails,
          ontoclasm_vaults_loading_screen, vaults_room_fours, kb_rosetta,
          layout_vaults_maze_bifur, serial_shops, shop
Vaults:3: nicolae_vaults_bisected_slash, nicolae_vaults_little_squares_2,
          nicolae_vaults_disjoint_gnomons, minmay_guarded_unrand_guard_vaults,
          v_alt_pattern_4, grunt_vaults_hallway_short, hangedman_vaults_corner,
          v_alt_pattern_6, grunt_vaults_focal, ontoclasm_vaults_decontamination,
          ontoclasm_vaults_eye, ontoclasm_vaults_gateway,
          grunt_vaults_hallway_long, layout_vaults_omnicross, serial_shops,
          bzr_entry_safe, uniq_aizul, uniq_boris
Vaults:4: v_misc_25, nicolae_vaults_hallways_thing, vaults_room_octagon,
          nicolae_vaults_three_branches, nicolae_vaults_gold_heap, v_misc_3,
          nicolae_vaults_little_squares_4, nicolae_vaults_circle_grid_b,
          nicolae_vaults_ring_of_whatevers, v_misc_28, v_misc_26,
          nicolae_vaults_diagonal_hallway_7, layout_vaults_ring
Vaults:5
Depths:1: layout_cave_pools, pf_hell_entry_tar_river, minmay_shop_grid_forest,
          st_stairs_3, minmay_st_funbox, feat_on_display
Depths:2: minmay_big_diamond_grid, layout_cave_shapes, enter_ziggurat_e,
          abyss_entry, hangedman_coc_ice_floe, minmay_crystal_room
Depths:3: vault_1, layout_basic, pan_entry, nrook_campfire, hell_entry
Depths:4: kennysheep_treasure_stockpile, layout_basic,
          kennysheep_big_empty_room, marbit_kobold_abyss_entry,
          grunt_hell_entry_dis_mu, sword_in_stone, uniq_saint_roka
Depths:5: grunt_zot_entry_tricorne, layout_gridville, abyss_entry,
          grunt_mini_vestibule, rand_demon_pan_entry_5,
          infiniplex_staircase_pool_lava, minmay_shop_grove
Hell
Dis:1:    layout_gridville, grunt_megastairs_1
Dis:2:    layout_subdivisions
Dis:3:    layout_subdivisions
Dis:4:    layout_gridville
Dis:6:    layout_overlapping_boxes
Dis:7:    dis_hangedman
Geh:1:    layout_gehenna_lava_caves
Geh:2:    layout_gehenna_lava_caves
Geh:3:    layout_gehenna_lava_caves
Geh:4:    layout_gehenna_lava_caves
Geh:5:    layout_gehenna_lava_caves
Geh:6:    layout_gehenna_lava_caves
Geh:7:    geh_grunt_pentagon
Coc:1:    layout_cocytus_water_paths
Coc:2:    layout_cocytus_water_paths
Coc:3:    layout_cocytus_water_paths, lemuel_elevator
Coc:4:    layout_ice_bergs
Coc:5:    layout_cocytus_delve, minmay_fire_ice_demons
Coc:6:    layout_ice_bergs
Coc:7:    coc_dpeg
Tar:1:    layout_cathedral_of_symmetry, nicolae_tar_cuneiform_city
Tar:2:    layout_catacombs, grunt_megastairs_2
Tar:3:    layout_grid_maze, grunt_megastairs_4
Tar:4:    layout_cathedral_of_symmetry

Skill      XL: |  1  2  3  4  5  6  7  8  9 10 11 12 13 14 15 16 17 18 19 20 21 22 23 24 25 26 27 |
---------------+----------------------------------------------------------------------------------+-----
Shields        | 4 5 6 9 10 12 13 15 16 17 18 19 21 22 23 25 26 27 | 27.0
Fighting       | 4 5 7 8 9 10 11 12 13 14 15 17 18 19 22 23 27 | 27.0
Axes           | 3 6 7 10 11 12 13 14 16 17 18 19 20 21 22 23 25 | 25.8
Armour         | 4 5 7 8 9 10 11 12 13 14 15 16 17 21 25 27 | 27.0
Dodging        | 1 2 5 6 7 8 10 12 19 | 19.4
Invocations    | 6 7 8 9 10 11 12 13 14 15 | 15.9
Stealth        | 1 2 3 4 |  4.9
Evocations     | 1 2 3 11 | 11.1
Throwing       | 2 7 8 |  8.1
Maces & Flails | 6 19 | 19.8

Action                   |  1- 3 |  4- 6 |  7- 9 | 10-12 | 13-15 | 16-18 | 19-21 | 22-24 | 25-27 || total
-------------------------+-------+-------+-------+-------+-------+-------+-------+-------+-------++-------
Melee: War axe           |    73 |    67 |       |     2 |   470 |   828 |   832 |       |       ||  2272
       Headbutt          |     6 |     9 |    48 |   196 |   366 |   283 |   469 |   566 |  1447 ||  3390
       Hand axe          |       |    15 |   208 |   845 |   868 |       |       |       |       ||  1936
       Broad axe         |       |       |       |       |       |       |   488 |  1533 |  1747 ||  3768
       Eveningstar       |       |       |       |       |       |       |       |       |  2608 ||  2608
Throw: Javelin           |       |       |       |       |    15 |       |     8 |     2 |    10 ||    35
Invok: Heroism           |       |       |       |     2 |     4 |     4 |     4 |     3 |    12 ||    29
       Finesse           |       |       |       |       |       |       |     2 |     1 |     4 ||     7
Evoke: Wand              |       |       |       |    18 |    19 |     8 |     4 |     3 |     2 ||    54
       Condenser vane    |       |       |       |       |     3 |     4 |     4 |     3 |    10 ||    24
       Tin of tremorston |       |       |       |       |       |       |     5 |     2 |     5 ||    12
       Phantom mirror    |       |       |       |       |       |       |       |     1 |       ||     1
  Use: Potion            |     1 |       |     1 |     6 |     9 |    12 |     6 |     4 |    21 ||    60
       Scroll            |       |     2 |    13 |     9 |    10 |     8 |    13 |    13 |    41 ||   109
 Stab: Petrified         |       |       |       |       |     1 |       |       |       |       ||     1
       Invisible         |       |       |       |       |     6 |     7 |       |       |       ||    13
       Confused          |       |       |       |       |       |     3 |     1 |    25 |     2 ||    31
       Distracted        |       |       |       |       |       |     3 |     1 |       |     1 ||     5
       Petrifying        |       |       |       |       |       |       |       |     4 |       ||     4
Armor: Scale mail        |    55 |    13 |       |       |       |       |       |       |       ||    68
       Chain mail        |       |    16 |    47 |   240 |   219 |       |       |       |       ||   522
       Crystal plate arm |       |       |       |       |    24 |   415 |   478 |   289 |    13 ||  1219
       Gold dragon scale |       |       |       |       |       |       |       |       |  1012 ||  1012
Dodge: Dodged            |    39 |    36 |    23 |   138 |   184 |   145 |   241 |   191 |   972 ||  1969
Block: Kite shield       |    50 |    19 |       |       |       |       |       |       |       ||    69
       Tower shield      |       |    34 |   126 |   823 |  1114 |   859 |  1519 |  1108 |  4148 ||  9731
       Reflection        |       |       |       |    22 |    28 |    77 |   121 |   134 |    67 ||   449

Table legend: (Time is in decaauts)
 A = Elapsed time spent in this place.
 B = Non-inter-level travel time spent in this place.
 C = Inter-level travel time spent in this place.
 D = Time resting spent in this place.
 E = Time spent auto-exploring this place.
 F = Levels seen in this place.
 G = Mean time per level.
                   A        B        C        D        E       F      G
               +--------+--------+--------+--------+--------+-----+--------+
         Total |  83262 |  80978 |   2284 |  26464 |  29120 |  74 | 1125.2 |
       Dungeon |  16420 |  15508 |    912 |   1883 |   8864 |  15 | 1094.7 |
          Lair |   7663 |   7561 |    102 |    856 |   4824 |   6 | 1277.2 |
        Shoals |   3709 |   3709 |      0 |    362 |   2226 |   4 |  927.2 |
   Spider Nest |   3960 |   3875 |     85 |      0 |   2968 |   4 |  990.0 |
  Orcish Mines |   2433 |   2333 |    100 |    447 |    830 |   2 | 1216.5 |
   Elven Halls |   1779 |   1679 |    100 |      0 |   1269 |   3 |  593.0 |
        Vaults |   8944 |   8771 |    173 |   2324 |   3843 |   5 | 1788.8 |
        Depths |  15754 |  15257 |    497 |   8201 |   3467 |   5 | 3150.8 |
          Hell |   2431 |   2395 |     36 |   1119 |    481 |   1 | 2431.0 |
           Dis |   8260 |   8027 |    233 |   5008 |      0 |   6 | 1376.7 |
       Gehenna |   4292 |   4255 |     37 |   2581 |      1 |   7 |  613.1 |
       Cocytus |   5174 |   5174 |      0 |   2733 |    185 |   7 |  739.1 |
      Tartarus |   1410 |   1405 |      5 |    386 |    151 |   4 |  352.5 |
         Abyss |    462 |    462 |      0 |    307 |      4 |   2 |  231.0 |
        Bazaar |     60 |     60 |      0 |      0 |      0 |   1 |   60.0 |
         Trove |     74 |     74 |      0 |      0 |      0 |   1 |   74.0 |
      Ice Cave |    429 |    429 |      0 |    253 |      0 |   1 |  429.0 |
               +--------+--------+--------+--------+--------+-----+--------+

Top non-repeatable levels by time:
   Dis:7: 4873 daAuts
Depths:4: 4217 daAuts
Vaults:5: 3644 daAuts
Depths:1: 3630 daAuts
   Coc:7: 3482 daAuts
Depths:3: 3217 daAuts
   Geh:7: 3036 daAuts
Depths:5: 2446 daAuts
    Hell: 2431 daAuts
Depths:2: 2241 daAuts
    D:13: 1778 daAuts
    D:12: 1757 daAuts
Vaults:3: 1667 daAuts
  Lair:6: 1517 daAuts
   Orc:2: 1506 daAuts
